 Dungeon Crawl Stone Soup version 0.23-a0-650-ga4d50d4 (webtiles) character file.

37795 Lanoc the Fencer (level 14, -11/111 HPs)
             Began as a Formicid Fighter on Jan 6, 2019.
             Was the Champion of Yredelemnul.
             Killed from afar by a fire giant (30 damage)
             ... with a bolt of fire
             ... on level 15 of the Dungeon.
             The game lasted 00:53:32 (14116 turns).

Lanoc the Fencer (Formicid Fighter)                Turns: 14116, Time: 00:53:33

Health: -11/111    AC: 20    Str: 24    XL:     14   Next: 30%
Magic:  20/21      EV: 19    Int: 10    God:    Yredelemnul [******]
Gold:   1449       SH: 12    Dex: 10    Spells: 13/13 levels left

rFire    . . .     SeeInvis +   G - +4 scimitar
rCold    . . .     Gourm    .   c - +0 shield
rNeg     + + .     Faith    .   E - +5 scale mail of Fedhas's Wrath {+Blink rN++ Stlth+}
rPois    .         Spirit   .   (helmet unavailable)
rElec    .         Reflect  .   i - +0 cloak
rCorr    .         Harm     .   v - +2 pair of gloves
MR       +....                  L - +0 pair of boots
Stlth    ++........             g - amulet of the acrobat
HPRegen  0.28/turn              A - ring of stealth (curse)
MPRegen  0.17/turn              K - +5 ring of evasion

@: no status effects
A: permanent stasis, dig shafts and tunnels, four strong arms, antennae 3
a: Dig, Shaft Self, Recall Undead Slaves, Injury Mirror, Animate Dead, Drain
Life, Enslave Soul, Renounce Religion


You were on level 15 of the Dungeon.
You worshipped Yredelemnul.
Yredelemnul was exalted by your worship.
You were not hungry.

You visited 2 branches of the dungeon, and saw 16 of its levels.
You also visited: Sewer and Bailey.

You collected 1473 gold pieces.
You spent 24 gold pieces at shops.

Inventory:

Hand Weapons
 r - a +0 hunting sling
 G - a +4 scimitar (weapon)
 H - a +3 long sword
Missiles
 p - 80 sling bullets
Armour
 c - a +0 shield (worn)
 i - a +0 cloak (worn)
 v - a +2 pair of gloves (worn)
 E - the +5 scale mail of Fedhas's Wrath (worn) {+Blink rN++ Stlth+}
   (You found it on level 10 of the Dungeon)

   It greatly protects you from negative energy.
   It lets you blink.
   It makes you more stealthy.
 L - a +0 pair of boots (worn)
Jewellery
 g - an amulet of the acrobat (around neck)
 w - an uncursed ring of flight
 A - a cursed ring of stealth (left hand)
 B - a +3 ring of evasion
 C - an uncursed amulet of faith
 D - an uncursed ring of poison resistance
 K - a +5 ring of evasion (right hand)
Wands
 e - a wand of random effects (30)
 o - a wand of iceblast (15)
 s - a wand of digging (5)
 u - a wand of flame (26)
 y - a wand of scattershot (4)
 F - a wand of acid (17)
 J - a wand of paralysis (9)
 N - a wand of enslavement (12)
Scrolls
 a - 5 scrolls of identify
 b - 4 scrolls of remove curse
 h - a scroll of fog
 m - 4 scrolls of amnesia
 n - 4 scrolls of enchant armour
 q - a scroll of magic mapping
 I - a scroll of fear
Potions
 j - 2 potions of brilliance
 k - 6 potions of lignification
 l - 4 potions of flight
 t - 4 potions of curing
 z - a potion of magic
 M - 2 potions of heal wounds
Miscellaneous
 x - a phial of floods
Comestibles
 f - 22 rations


   Skills:
 + Level 10.4 Fighting
 * Level 15.0 Long Blades
 + Level 10.4 Armour
 + Level 8.4 Dodging
 + Level 11.4 Shields
 + Level 10.4 Invocations


You had 13 spell levels left.
You didn't know any spells.
Your spell library contained the following spells:

 Spells                   Type           Power        Failure   Level  Hunger
 Corona                   Hex            #......      61%         1    ##.....
 Sandblast                Erth           #.....       61%         1    ##.....
 Ensorcelled Hibernation  Hex/Ice        #.....       75%         2    ###....
 Passwall                 Tmut/Erth      #.......     75%         2    ###....
 Confuse                  Hex            #.......     93%         3    ####...
 Dazzling Spray           Conj/Hex       #.....       93%         3    ####...
 Stone Arrow              Conj/Erth      #.....       93%         3    ####...
 Tukima's Dance           Hex            #.......     93%         3    ####...
 Petrify                  Tmut/Erth      #.......     100%        4    #####..
 Lee's Rapid Deconstruct  Erth           #.........   100%        5    ######.


Dungeon Overview and Level Annotations

Branches:
Dungeon (15/15)            Temple (1/1) D:6            Lair (0/6) D:8
    Orc (0/2) D:9          Vaults (0/5) D:14         Depths (0/5) D:15

Altars:
Ashenzari
Dithmenos
Gozag
Hepliaklqana
Kikubaaqudgha
Makhleb
Okawaru
Sif Muna
Trog
Uskayaw
Vehumet
Wu Jian
Xom
Yredelemnul
Zin
The Shining One

Shops:
D:7 *   D:11 ?

Annotations:
D:6 3 runed doors, azzavlup's ghost, novice MfIE


Innate Abilities, Weirdness & Mutations

You cannot be hasted, slowed, berserked, paralysed or teleported.
You can dig through walls and to a lower floor.
Your four strong arms can wield two-handed weapons with a shield.
You have a pair of large antennae on your head. (SInv)


Message History

The fire giant is almost dead.
The fire giant gestures at you while chanting.
The bolt of fire hits you!
* * * LOW HITPOINT WARNING * * *
The bolt of fire hits your skeletal warrior. x2
Your skeletal warrior hits the fire giant but does no damage.
You barely miss the fire giant.
The fire giant is almost dead.
The fire giant misses you.
You hit the fire giant but do no damage.
The fire giant is almost dead.
Your skeletal warrior barely misses the fire giant.
Your phantasmal warrior blinks!
You hit the fire giant.
The fire giant is almost dead.
Your phantasmal warrior blinks!
The fire giant points at you and mumbles some strange words.
The bolt of fire hits you!
You die...
Your body rises from the dead as a mindless zombie.

###. #..# #.......... #..#
##..≈≈.≈§≈≈..## #..#
#....≈≈.§≈§...# #..#
#.≈§#≈≈≈§§#^≈.# #..#
#.≈≈≈≈≈.≈≈§≈≈.# #..#
..≈§§.....≈≈≈.## #..#
..≈#≈.(§..§#§..###..# #
#.≈§§...§.§≈§.WC@zz.# ...
#.§§§≈..§≈≈§≈.####§.####....
#.≈§#≈≈≈≈§#§≈§# #........D.
#....§§#§≈..C§# #.........#
##..≈≈≈§§§≈..## #..####...#
##..§.§.§...# #..# . #
#.###.##...# #..# #.#
#......# #..# #.# ####...#
#..#


You could see a fire giant, 2 friendly skeletal warriors and a friendly
phantasmal warrior.

Vanquished Creatures
  Snorg (D:13)
  A fire dragon (D:8)
  Josephine (D:13)
  Harold (D:9)
  A hydra (D:8)
  3 centaur warriors
  A two-headed ogre (D:10)
  Urug (D:10)
  A skeletal warrior (D:14)
  3 unseen horrors
  A swamp dragon (shapeshifter) (D:15)
  An orc knight (Bailey)
  An orange crystal statue (D:9)
  3 cyclopes
  An ugly thing (D:12)
  3 deep elf magi
  A manticore (D:13)
  A centaur zombie (D:14)
  2 tengu conjurers
  A meliai (D:14)
  5 trolls
  4 slime creatures (D:13)
  3 hippogriffs
  Sigmund (D:3)
  2 wraiths
  A shadow (D:13)
  16 yaks
  A water elemental (D:12)
  A human (D:8)
  A vampire (D:11)
  3 hogs (D:8)
  A basilisk (D:14)
  A hungry ghost (D:9)
  Menkaure (D:5)
  An acid dragon (D:13)
  Duvessa (D:5)
  A swamp drake (shapeshifter) (D:15)
  10 orc warriors
  4 ice beasts
  A hornet zombie (D:5)
  5 sky beasts
  A black bear (D:6)
  2 necrophages
  6 phantoms
  4 ogres
  4 centaurs
  2 big kobolds
  8 bullfrogs
  Dowan (D:5)
  A yak zombie (D:11)
  A scorpion (D:8)
  A water moccasin skeleton (D:10)
  10 killer bees
  23 wights
  A troll zombie (D:9)
  An electric eel (D:14)
  A troll skeleton (D:11)
  A yak skeleton (D:11)
  5 crimson imps
  2 quasits
  9 hounds
  3 jellies
  4 bullfrog skeletons
  2 centaur skeletons
  6 orc priests
  Crazy Yiuf (D:3)
  Jessica (D:3)
  Terence (D:3)
  4 iguanas
  13 worker ants
  11 orc wizards
  A killer bee zombie (D:7)
  5 ogre zombies (D:9)
  A sky beast zombie (D:11)
  A hound zombie (D:11)
  2 worker ant zombies
  5 gnolls
  7 adders
  A howler monkey skeleton (D:8)
  A river rat (Sewer)
  6 shadow imps
  An ooze (D:2)
  An adder skeleton (D:6)
  4 worms
  2 dart slugs
  5 leopard geckos
  52 orcs
  A ball python (D:2)
  5 giant cockroaches
  11 goblins
  8 hobgoblins
  9 jackals
  12 kobolds
  5 quokkas
  3 bats (D:3)
  4 frilled lizards
  A goblin skeleton (D:9)
  3 goblin zombies (D:9)
  A hobgoblin skeleton (D:9)
  A hobgoblin zombie (D:9)
  A leopard gecko zombie (D:11)
  4 orc skeletons (D:9)
  12 orc zombies
  10 rats
409 creatures vanquished.

Vanquished Creatures (collateral kills)
  An ironheart preserver (D:14)
  A hydra (D:11)
  2 two-headed ogres
  A tengu warrior (D:13)
  Sonja (D:10)
  An unseen horror (D:14)
  4 skeletal warriors (D:14)
  9 deep elf magi
  An ugly thing (D:14)
  A cyclops (D:12)
  2 centaur zombies (D:12)
  2 meliai (D:14)
  4 slime creatures (D:13)
  2 water elementals (D:14)
  3 wyverns
  2 wraiths
  5 yaks
  A hog (D:8)
  A hungry ghost (D:9)
  2 water moccasins
  An orc warrior (D:12)
  A sky beast (D:10)
  An ogre (D:10)
  2 necrophages
  3 centaurs (D:14)
  A big kobold (D:12)
  3 bullfrogs
  A scorpion (D:10)
  4 killer bees
  2 wights
  2 electric eels
  2 crimson imps
  A bullfrog zombie (D:12)
  2 hounds (D:7)
  A jelly (D:9)
  3 orc priests
  A bullfrog skeleton (D:12)
  2 centaur skeletons
  An iguana (D:7)
  3 orc wizards
  A worker ant (D:9)
  2 hound skeletons
  A worker ant zombie (D:7)
  A shadow imp (D:9)
  An ooze (D:7)
  2 adder zombies (D:7)
  A leopard gecko (D:8)
  22 orcs
  A goblin (Bailey)
  A jackal (D:7)
  19 kobolds
  A quokka (D:8)
136 creatures vanquished.

Vanquished Creatures (others)
  15 flying skulls
  A vampire (D:14)
  2 wraiths
  A human skeleton (D:13)
  3 yak zombies
  A yak skeleton (D:14)
  A troll skeleton (D:14)
  A bullfrog zombie (D:11)
  A bullfrog skeleton (D:14)
  A hound zombie (D:11)
  A mummy (D:12)
  An adder zombie (D:11)
29 creatures vanquished.

Grand Total: 574 creatures vanquished

Notes
Turn   | Place    | Note
-------+----------+-------------------------------------------
     0 | D:1      | Lanoc the Formicid Fighter began the quest for the Orb.
     0 | D:1      | Reached XP level 1. HP: 18/18 MP: 1/1
   126 | D:2      | Reached XP level 2. HP: 18/24 MP: 2/2
   392 | D:2      | Reached XP level 3. HP: 27/29 MP: 3/3
   478 | D:2      | Found an ancient bone altar of Kikubaaqudgha.
   608 | D:3      | Found a glowing drain.
   651 | Sewer    | Entered a sewer
   663 | Sewer    | Reached skill level 1 in Dodging
   663 | Sewer    | Reached XP level 4. HP: 17/36 MP: 4/4
   863 | Sewer    | Noticed a big kobold
   882 | Sewer    | Killed a big kobold
   882 | Sewer    | Reached skill level 3 in Long Blades
   882 | Sewer    | Reached XP level 5. HP: 35/42 MP: 5/5
   999 | Sewer    | Found a white marble altar of Elyvilon.
  1215 | D:3      | Noticed Terence
  1222 | D:3      | Killed Terence
  1278 | D:3      | Found a faded altar of an unknown god.
  1282 | D:3      | Noticed Sigmund
  1286 | D:3      | Became a worshipper of Yredelemnul the Dark
  1286 | D:3      | Reached * piety under Yredelemnul
  1300 | D:3      | Killed Sigmund
  1300 | D:3      | Reached skill level 4 in Long Blades
  1300 | D:3      | Reached XP level 6. HP: 35/48 MP: 6/6
  1347 | D:3      | Found a runed door.
  1400 | D:3      | Noticed Crazy Yiuf
  1414 | D:3      | Killed Crazy Yiuf
  1833 | D:3      | Reached XP level 7. HP: 47/55 MP: 7/7
  1882 | D:3      | Noticed Jessica
  1886 | D:3      | Killed Jessica
  1950 | D:3      | Reached skill level 1 in Invocations
  2069 | D:3      | Found an iron altar of Okawaru.
  2208 | D:3      | Found a deep blue altar of Sif Muna.
  2279 | D:4      | Reached ** piety under Yredelemnul
  2424 | D:3      | Reached skill level 5 in Shields
  2786 | D:4      | Found an ornate altar of the Wu Jian Council.
  2913 | D:4      | Found a glowing golden altar of the Shining One.
  2918 | D:4      | Found a radiant altar of Vehumet.
  3057 | D:4      | Found a burning altar of Makhleb.
  3421 | D:4      | Reached skill level 5 in Long Blades
  3421 | D:4      | Reached XP level 8. HP: 61/61 MP: 9/9
  3537 | D:5      | Entered Level 5 of the Dungeon
  3537 | D:5      | Found a basalt altar of Yredelemnul.
  3537 | D:5      | Found a hazy altar of Hepliaklqana.
  3664 | D:5      | Reached skill level 5 in Armour
  3760 | D:5      | Noticed Duvessa
  3760 | D:5      | Noticed Dowan
  3832 | D:5      | Killed Duvessa
  3832 | D:5      | Reached skill level 5 in Fighting
  3849 | D:5      | Killed Dowan
  3849 | D:5      | Reached skill level 6 in Long Blades
  4144 | D:5      | Noticed Menkaure
  4151 | D:5      | Killed Menkaure
  4353 | D:5      | Reached skill level 7 in Long Blades
  4353 | D:5      | Reached XP level 9. HP: 49/68 MP: 11/11
  4750 | D:6      | Found a staircase to the Ecumenical Temple.
  4756 | Temple   | Entered the Ecumenical Temple
  4824 | D:6      | Found a hide-covered altar of Uskayaw.
  4903 | D:6      | Reached *** piety under Yredelemnul
  5011 | D:6      | Reached skill level 8 in Long Blades
  5113 | D:6      | Found a runed gate.
  5113 | D:6      | Found a runed gate.
  5113 | D:6      | Found a runed gate.
  5115 | D:6      | Noticed azzavlup's ghost (novice MfIE)
  5728 | D:6      | Reached skill level 9 in Long Blades
  5767 | D:7      | Found Leodiarch's General Store.
  5795 | D:6      | Received a gift from Yredelemnul (3 flying skulls)
  5836 | D:7      | Reached XP level 10. HP: 76/76 MP: 13/13
  5855 | D:7      | Reached skill level 5 in Invocations
  5863 | D:7      | Reached **** piety under Yredelemnul
  5929 | D:7      | Got an ichor-stained flail
  5930 | D:7      | Identified the cursed +1 flail "Icvuil Unua" {drain, MR+}
                  | (You found it on level 7 of the Dungeon)
  6270 | D:8      | Reached skill level 10 in Long Blades
  6502 | D:8      | Found a staircase to the Lair.
  6502 | D:8      | Noticed a fire dragon
  6517 | D:8      | Received a gift from Yredelemnul (4 flying skulls)
  6520 | D:8      | Killed a fire dragon
  6520 | D:8      | Reached skill level 5 in Dodging
  6527 | D:8      | Noticed a two-headed ogre
  6531 | D:8      | Killed a two-headed ogre
  6622 | D:8      | Reached skill level 11 in Long Blades
  6891 | D:8      | Noticed a four-headed hydra
  6893 | D:8      | Identified the ring "Kaamek" {Fire Str+2 Int-2 Dex+7}
  6893 | D:8      | Noticed a deep elf mage
  6895 | D:8      | Noticed a two-headed ogre
  6907 | D:8      | Killed a deep elf mage
  6907 | D:8      | Reached XP level 11. HP: 84/84 MP: 15/15
  6908 | D:8      | Found a runed door.
  6909 | D:8      | Found a runed door.
  6952 | D:8      | Noticed a five-headed hydra
  6985 | D:8      | Killed a seven-headed hydra
  7193 | D:9      | Noticed Harold
  7210 | D:9      | Killed Harold
  7353 | D:9      | Reached skill level 12 in Long Blades
  7354 | D:9      | Found a staircase to the Orcish Mines.
  7425 | D:9      | Received a gift from Yredelemnul (4 flying skulls)
  7684 | D:9      | Noticed an orange crystal statue
  7699 | D:9      | Killed an orange crystal statue
  7748 | D:9      | Found the +0 Maxwell's etheric cage {RegenMP+ *Contam rElec
                  | MP+4}
  7841 | D:9      | Found a shattered altar of Ashenzari.
  7907 | D:9      | Found a shadowy altar of Dithmenos.
  8471 | D:9      | Found an opulent altar of Gozag.
  8472 | D:9      | Found a glowing silver altar of Zin.
  8670 | D:10     | Entered Level 10 of the Dungeon
  8670 | D:10     | Noticed Urug
  8674 | D:10     | Killed Urug
  8765 | D:10     | Noticed a deep elf mage
  8773 | D:10     | Noticed a sixfirhy
  8777 | D:10     | Noticed a two-headed ogre
  8779 | D:10     | Killed a deep elf mage
  8786 | D:10     | Killed a two-headed ogre
  8878 | D:10     | Got a smoking scale mail
  8891 | D:10     | Identified the +5 scale mail of Fedhas's Wrath {+Blink rN++
                  | Stlth+} (You found it on level 10 of the Dungeon)
  8906 | D:10     | Noticed Sonja
  8919 | D:10     | Killed Sonja
  8972 | D:10     | Received a gift from Yredelemnul (a mummy)
  9131 | D:10     | Reached XP level 12. HP: 93/93 MP: 17/17
  9142 | D:10     | Reached skill level 13 in Long Blades
  9576 | D:11     | Found Angear's Magic Scroll Boutique.
  9580 | D:11     | Bought a scroll of identify for 24 gold pieces
  9583 | D:11     | Got a crude mace
  9584 | D:11     | Identified the +8 mace of the Lame Duck {pain, rF+++ rC-
                  | rN+ Stlth+} (You found it on level 11 of the Dungeon)
  9602 | D:11     | Reached ***** piety under Yredelemnul
  9672 | D:11     | Received a gift from Yredelemnul (a vampire)
  9711 | D:11     | Received a gift from Yredelemnul (a wraith)
  9923 | D:11     | Noticed a four-headed hydra
  9931 | D:11     | Killed a four-headed hydra
 10188 | D:12     | Noticed an unseen horror
 10206 | D:12     | Killed an unseen horror
 10273 | D:12     | Reached skill level 10 in Shields
 10308 | D:12     | Found a flagged portal.
 10321 | Bailey   | Entered a bailey
 10387 | Bailey   | Received a gift from Yredelemnul (2 flying skulls)
 10409 | Bailey   | Received a gift from Yredelemnul (2 flying skulls)
 10568 | Bailey   | Got a bloodstained scale mail
 10662 | D:12     | Received a gift from Yredelemnul (a skeletal warrior)
 10689 | D:12     | You fall through a shaft for 2 floors!
 10744 | D:13     | Noticed Josephine
 10755 | D:14     | Reached XP level 13. HP: 83/101 MP: 19/19
 10755 | D:14     | Received a gift from Yredelemnul (a skeletal warrior)
 10775 | D:13     | Killed Josephine
 10809 | D:12     | Reached skill level 14 in Long Blades
 10875 | D:12     | Received a gift from Yredelemnul (a wraith)
 10984 | D:12     | Identified the +5 scale mail of the Quahog {Str+4} (You
                  | found it in a bailey)
 11361 | D:13     | Noticed Snorg
 11373 | D:13     | Killed Snorg
 11420 | D:13     | Your ally Josephine died
 12011 | D:13     | Reached ****** piety under Yredelemnul
 12365 | D:14     | Reached skill level 10 in Armour
 12409 | D:14     | Received a gift from Yredelemnul (a vampire)
 12419 | D:14     | Noticed a centaur warrior
 12425 | D:14     | Killed a centaur warrior
 12425 | D:14     | Reached skill level 10 in Fighting
 12461 | D:14     | Reached skill level 10 in Invocations
 12567 | D:14     | Found a gate to the Vaults.
 12567 | D:14     | Noticed an ironheart preserver
 12588 | D:14     | Killed an ironheart preserver
 12588 | D:14     | Reached XP level 14. HP: 33/110 MP: 21/21
 12969 | D:14     | Received a gift from Yredelemnul (a phantasmal warrior)
 13755 | D:15     | Entered Level 15 of the Dungeon
 13771 | D:15     | Found a staircase to the Depths.
 13771 | D:15     | Noticed a fire giant
 13869 | D:15     | Reached skill level 15 in Long Blades
 14116 | D:15     | Killed from afar by a fire giant

Vault maps used:
D:1:      ncdulo_smallfort, chequers_serial_rivers_small_a
D:2:      kiku_gazebo_pond_becter
D:3:      led_sif_pool, cheibrodos_sewer_entry_sluice, first_ration,
          chequers_ecumenical_altar_island, okawaru_trees_1, uniq_terence,
          uniq_jessica, uniq_sigmund, uniq_crazy_yiuf_cottage
D:4:      marbit_many_paths, overflow_temple_1_default,
          chequers_temple_overflow_statue_of_worship, minmay_manual_macuahuitl
D:5:      grunt_temple_overflow_open, uniq_duvessa, uniq_menkaure
D:6:      kennysheep_mini, minmay_temple_entry_metal_lava,
          ebering_ghost_rock_garden
D:7:      serial_shops, nicolae_shop_stone
D:8:      minmay_the_grid_triangle_9x9_rhombus_thin, minmay_lair_entry_lava,
          grunt_livestock
D:9:      grunt_temple_overflow_gold_and_silver,
          grunt_dithmenos_smoke_and_mirrors, evilmike_ruin_ashenzari,
          zombieorc1_lemuel, minmay_statue_bubble, uniq_harold
D:10:     minmay_skewed_foursquare, fungi_pond_lemuel, minmay_fractal_squares_5,
          uniq_sonja, uniq_urug
D:11:     serial_shops, shop
D:12:     enter_bailey_3, minmay_misc_feat_roman
D:13:     uniq_snorg, uniq_josephine
D:14:     skrybe_vaults_entry_preservation, chequers_big_river,
          elves_outpost_lemuel
D:15:     grunt_enter_depths_giant_problem, gammafunk_ghost_hive,
          lemuel_statue_altar
Temple:   compressed_dpeg_triangle_lava_temple
Sewer:    sewer_kobolds
Bailey:   bailey_axe_1, bailey

Skill      XL: |  1  2  3  4  5  6  7  8  9 10 11 12 13 14 |
---------------+-------------------------------------------+-----
Shields        | 4 5 6 7 8 9 10 11 | 11.4
Dodging        | 1 2 3 4 5 6 7 8 |  8.4
Long Blades    | 3 4 5 7 9 11 12 13 14 15 | 15.0
Armour         | 4 5 6 7 8 9 10 | 10.4
Fighting       | 4 5 6 7 8 9 10 | 10.4
Invocations    | 2 3 4 6 7 8 10 | 10.4

Action                   |  1- 3 |  4- 6 |  7- 9 | 10-12 | 13-15 || total
-------------------------+-------+-------+-------+-------+-------++-------
Melee: Long sword        |    91 |    94 |   517 |    33 |       ||   735
       Scimitar          |       |       |       |   648 |   342 ||   990
Invok: Injury Mirror     |       |       |       |     2 |       ||     2
       Recall Undead Sla |       |       |       |     2 |     2 ||     4
       Animate Dead      |       |       |       |     5 |     7 ||    12
 Abil: Dig               |       |     3 |       |       |       ||     3
  Use: Scroll            |     2 |       |     6 |    14 |       ||    22
       Potion            |       |     5 |       |     7 |       ||    12
 Stab: Distracted        |       |       |       |     3 |     1 ||     4
       Sleeping          |       |       |       |       |     1 ||     1
  Eat: Ration            |       |     1 |       |       |       ||     1
       Chunk             |       |     1 |    15 |    20 |    14 ||    50
Armor: Scale mail        |    26 |    41 |   164 |   173 |    64 ||   468
       Skin              |       |     2 |       |       |       ||     2
Dodge: Dodged            |    45 |    43 |   256 |   476 |   228 ||  1048
Block: Shield            |    51 |    69 |   268 |   440 |   201 ||  1029
       Rpst.: Long sword |    11 |    10 |    88 |    13 |       ||   122
       Scimitar          |       |       |       |    89 |    51 ||   140

Table legend:
 A = Non-vault XP
 B = Vault XP
 C = Vault XP percentage of total XP
 D = Non-vault monster count
 E = Vault monster count
 F = Vault count percentage of total count
                 A         B        C        D         E       F
            +---------+---------+-------+---------+---------+-------
      Total |   37076 |   16918 |  31.3 |     401 |     134 |  25.0
            +---------+---------+-------+---------+---------+-------
        D:1 |       7 |       0 |   0.0 |       4 |       0 |   0.0
        D:2 |      43 |       0 |   0.0 |      14 |       0 |   0.0
        D:3 |     142 |     342 |  70.7 |      33 |       6 |  15.4
        D:4 |     279 |     122 |  30.4 |      14 |       3 |  17.6
        D:5 |     780 |     400 |  33.9 |      19 |       3 |  13.6
        D:6 |    1585 |       0 |   0.0 |      38 |       0 |   0.0
        D:7 |     857 |       0 |   0.0 |      37 |       0 |   0.0
        D:8 |    1378 |    2822 |  67.2 |      30 |      11 |  26.8
        D:9 |     606 |    2308 |  79.2 |      24 |      31 |  56.4
       D:10 |    2304 |    1889 |  45.1 |      20 |      11 |  35.5
       D:11 |    6045 |       0 |   0.0 |      53 |       0 |   0.0
       D:12 |    5053 |       8 |   0.2 |      44 |       4 |   8.3
       D:13 |    6211 |    2477 |  28.5 |      36 |       5 |  12.2
       D:14 |    8727 |    5345 |  38.0 |      29 |      19 |  39.6
       D:15 |    3059 |       0 |   0.0 |       6 |       0 |   0.0
      Sewer |       0 |     119 | 100.0 |       0 |       9 | 100.0
     Bailey |       0 |    1086 | 100.0 |       0 |      32 | 100.0
            +---------+---------+-------+---------+---------+-------
